AoeStats
← ScotiusMaximus

Arabia

504556983Analyzed
1v1 RM · 27d ago on Sep 5, 2026· 38m 6s· 2 players
Game mode
Random Map
Map size
Tiny (2 player)
Population
200
Speed
Normal
Resources
Standard
Victory
Conquest
Starting age
Dark Age
Ending age
Imperial Age
RankedLock teamsTeams togetherTeam positionsShared explorationLock speedFull tech treeHidden civsTurbo modeCheats
Victory
Defeat
🇺🇸 Byzantines · United States
1049
+16
🇬🇷 Malians · Greece
1059
-16
ScotiusMaximus
9:19 Loom
11:19 Feudal Age
13:42 Double-Bit Axe
18:34 Wheelbarrow
18:34 Fletching
23:07 Castle Age
21:16 Horse Collar
22:12 Padded Archer Armor
22:19 Gold Mining
23:16 Crossbowman
25:16 Bodkin Arrow
25:52 Scale Barding Armor
27:45 Ballistics
29:22 Stone Mining
31:10 Heavy Plow
31:23 Bow Saw
32:40 Gold Shaft Mining
33:50 Hand Cart
34:12 Chain Barding Armor
34:03 Forging
36:51 Imperial Age
36:52 Leather Archer Armor
37:38 Husbandry
38:12 Ring Archer Armor
37:43 Bracer
38:01 Thumb Ring
Dr. Hawamagun Amis-Yu
4:01 Loom
14:26 Feudal Age
15:12 Double-Bit Axe
17:29 Padded Archer Armor
17:53 Horse Collar
18:19 Fletching
24:45 Castle Age
25:50 Wheelbarrow
25:38 Town Watch
25:20 Elite Skirmisher
26:40 Bloodlines
26:31 Husbandry
29:46 Leather Archer Armor
34:33 Bodkin Arrow
Connection lost

Rejoining the realm…

Still unreachable

The connection could not be restored.

Session expired

The server has moved on; the page needs a fresh start.